 Dungeon Crawl Stone Soup version 0.30-a0-4-ga7cffc901d (webtiles) character file.

Game seed: 5870879599111020144

401 siradein the Trooper (level 6, 0/49 HPs)
             Began as a Demonspawn Fighter on Aug 20, 2022.
             Killed by nerve-wracking pain
             ... invoked by an orc priest
              (14 damage)
             ... on level 4 of the Dungeon.
             The game lasted 00:04:27 (4832 turns).

siradein the Trooper (Demonspawn Fighter)           Turns: 4832, Time: 00:04:28

Health: 0/49       AC: 10    Str: 16    XL:     6   Next: 54%
Magic:  6/6        EV:  9    Int: 12    God:
Gold:   201        SH:  0    Dex: 12    Spells: 5/5 levels left

rFire   . . .      SeeInvis .    s - +0 halberd
rCold   . . .      Faith    .    (shield currently unavailable)
rNeg    . . .      Spirit   .    b - +0 scale mail
rPois   .          Reflect  .    (no helmet)
rElec   .          Harm     .    (no cloak)
rCorr   .          Rampage  .    r - +0 pair of gloves
Will    .....                    (no boots)
Stlth   ..........               i - amulet of magic regeneration
HPRegen 0.16/turn                (no ring)
MPRegen 0.50/turn                (no ring)

@: no status effects
A: icy blue scales 1, weakness stinger 2
a: no special abilities


You were on level 4 of the Dungeon.
You visited 1 branch of the dungeon, and saw 4 of its levels.

You collected 201 gold pieces.

Inventory:

Hand Weapons
 a - a +0 trident
 s - a +0 halberd (weapon)
Armour
 b - a +0 scale mail (worn)
 c - a +0 buckler
 r - a +0 pair of gloves (worn)
Jewellery
 i - an amulet of magic regeneration (around neck)
Scrolls
 f - 2 scrolls of enchant armour {unknown}
 g - 3 scrolls of teleportation {unknown}
 k - 2 scrolls of noise {unknown}
 l - 8 scrolls of identify {unknown}
 m - 3 scrolls of magic mapping {unknown}
 n - a scroll of acquirement {unknown}
 p - a scroll of fog {unknown}
 t - a scroll of immolation {unknown}
Potions
 d - 2 potions of might
 e - 3 potions of curing {unknown}
 h - a potion of invisibility {unknown}
 j - a potion of haste {unknown}
 o - a potion of heal wounds {unknown}
 q - a potion of mutation {unknown}


   Skills:
 + Level 4.5 Fighting
 + Level 3.5 Polearms
 + Level 4.1 Armour
 - Level 4.0 Shields


You had 5 spell levels left.
You didn't know any spells.
Your spell library contained the following spells:

 Spells                   Type           Power      Damage    Failure   Level
 Summon Small Mammal      Summ           0%         N/A       75%         1
 Call Canine Familiar     Summ           0%         N/A       98%         3
 Summon Guardian Golem    Hex/Summ       0%         N/A       98%         3


Dungeon Overview and Level Annotations

Branches:
Dungeon (4/15)
 Temple: D:4-7

Altars:
Trog


Innate Abilities, Weirdness & Mutations

You are partially covered in icy blue scales. (AC +2)
You have a tail ending in a sharp stinger.


Message History

a +0 leather armour; a +0 club; a +0 whip The orc priest invokes the aid of Beogh against you.
Beogh smites you!
The orc priest mumbles some strange prayers to Beogh against you.
Beogh smites you!
You reach to attack!
You closely miss the orc priest.
The orc priest casts a cantrip, but nothing happens.
You reach to attack!
You slash the orc priest!
The orc priest is heavily wounded.
You closely miss the orc priest. You tail-slap the orc priest.
The orc priest is severely wounded.
The orc priest invokes the aid of Beogh against you.
Beogh smites you!
* * * LOW HITPOINT WARNING * * *
The orc priest hits you but does no damage.
You are too injured to fight recklessly!
You are too injured to fight recklessly!
You are too injured to fight recklessly!
You are too injured to fight recklessly!
Reach: s) +0 halberd
Press: ? - help, Dir - move target, f/p - orc priest
Aim: an orc priest, wielding a +0 short sword (severely wounded, about 48% to evade your +0 halberd)
You hit the orc priest.
You tail-slap the orc priest, but do no damage.
The orc priest is almost dead.
The orc priest closely misses you.
Reach: s) +0 halberd
Press: ? - help, Dir - move target, f/p - orc priest
Aim: an orc priest, wielding a +0 short sword (almost dead, about 48% to evade your +0 halberd)
You barely miss the orc priest.
The orc priest is almost dead.
The orc priest hits you but does no damage.
Reach: s) +0 halberd
Press: ? - help, Dir - move target, f/p - orc priest
Aim: an orc priest, wielding a +0 short sword (almost dead, about 48% to evade your +0 halberd)
You closely miss the orc priest.
The orc priest is almost dead.
The orc priest invokes the aid of Beogh against you.
Pain shoots through your body!
You die...

),),,,,,,,*,**,,,,,,,,,,,,,*)*,*
**,,,,,,,,*,**,*********,*,*,*,*
,',,,,,,,,*,**,*,,,,,,,,,,,*,*,*
**,,,,,,,,*,**,*,*,*,*,*,*,*,*>*
##..),,,,,*,**,*,*,*,*,*,*,,,*,*
....#*****,,,,,,,,,*,,,*,*,*,*,*
....####################,*,*,*,*
....##..................,*,*,*,*
....##.#######..@o.###.,,,,*,*,**
....##.#................,,,*,*,,,
....##.#.#####[....###..,,**,****
....##.#,#..[..........,,,**,*
.......#,#.##########..,,,**,*
....####,#.# *,..,,**,* <...#
*,#.# *,,.,,**,#### ....# *,#.#
*,*#######... ....# *,#.#
*,,.........≈


You could see an orc priest.

Vanquished Creatures
  An ogre (D:4)
  A necrophage (D:4)
  A scorpion (D:3)
  A hound (D:4)
  2 iguanas (D:4)
  An orc wizard (D:4)
  An adder (D:3)
  An ufetubus (D:4)
  2 worms
  2 dart slugs
  9 orcs (D:4)
  A ball python (D:4)
  4 endoplasms
  2 giant cockroaches
  9 goblins
  A hobgoblin (D:1)
  11 jackals
  5 kobolds
  A quokka (D:3)
  2 bats
  A frilled lizard (D:1)
  2 rats (D:1)
61 creatures vanquished.

Vanquished Creatures (others)
  A rat (D:3)
1 creature vanquished.

Grand Total: 62 creatures vanquished

Notes
Turn   | Place    | Note
-------+----------+-------------------------------------------
     0 | D:1      | siradein the Demonspawn Fighter began the quest for the
                  | Orb.
     0 | D:1      | Reached XP level 1. HP: 18/18 MP: 1/1
   328 | D:1      | Gained mutation: You have a small tail. [demonic ancestry]
   328 | D:1      | Reached XP level 2. HP: 19/24 MP: 2/2
  1451 | D:2      | You fall into a shaft and drop 2 floors!
  1458 | D:4      | Noticed a necrophage
  1467 | D:4      | Killed a necrophage
  1468 | D:4      | Reached XP level 3. HP: 4/29 MP: 3/3
  1468 | D:4      | Reached XP level 4. HP: 5/36 MP: 4/4
  1810 | D:3      | Noticed a scorpion
  1820 | D:3      | Killed a scorpion
  1821 | D:3      | Gained mutation: You have a tail ending in a sharp stinger.
                  | [demonic ancestry]
  1821 | D:3      | Reached XP level 5. HP: 23/42 MP: 5/5
  3327 | D:4      | Noticed an ogre
  3338 | D:4      | Killed an ogre
  3339 | D:4      | Gained mutation: You are partially covered in icy blue
                  | scales. (AC +2) [demonic ancestry]
  3339 | D:4      | Reached XP level 6. HP: 20/49 MP: 6/6
  3619 | D:4      | Found a bloodstained altar of Trog.
  4611 | D:4      | Found a bloodstained altar of Trog.
  4832 | D:4      | Killed from afar by an orc priest

Illustrated notes

Levels and vault maps discovered:
D:1:      spicycebolla_arrival_ecumenical, layout_basic, minmay_misc_feat_roman
D:2:      layout_basic
D:3:      layout_loops_cross, lemuel_flame_loot_1
D:4:      layout_basic, mainiacjoe_overflow_concentric_impassable

Skill      XL: |  1  2  3  4  5  6 |
---------------+-------------------+-----
Polearms       | 2 3 |  3.5
Shields        | 3 4 |  4.0
Armour         | 3 4 |  4.1
Fighting       | 4 |  4.5

Action                   |  1- 3 |  4- 6 || total
-------------------------+-------+-------++-------
Melee: Trident           |    67 |   125 ||   192
       Tailslap          |     4 |    19 ||    23
       Halberd           |       |    25 ||    25
Armor: Scale mail        |    22 |    67 ||    89
Dodge: Dodged            |    18 |    41 ||    59
Block: Buckler           |    11 |    24 ||    35

Table legend: (Time is in decaauts)
 A = Elapsed time spent in this place.
 B = Non-inter-level travel time spent in this place.
 C = Inter-level travel time spent in this place.
 D = Time resting spent in this place.
 E = Time spent auto-exploring this place.
 F = Levels seen in this place.
 G = Mean time per level.
                   A        B        C        D        E       F      G
               +--------+--------+--------+--------+--------+-----+--------+
         Total |   4879 |   4675 |    204 |    539 |   3627 |   4 | 1219.8 |
       Dungeon |   4879 |   4675 |    204 |    539 |   3627 |   4 | 1219.8 |
               +--------+--------+--------+--------+--------+-----+--------+

Top non-repeatable levels by time:
     D:4: 1819 daAuts
     D:3: 1257 daAuts
     D:1: 938 daAuts
     D:2: 864 daAuts
